 Dungeon Crawl Stone Soup version 0.27-a0-59-gfbafd837a3 (webtiles) character file.

Game seed: 1170971127090054981

572961 Borgoz the Shatterer (level 26, -2/155 HPs)
             Began as a Gargoyle Berserker on Jan 9, 2021.
             Was the Champion of Trog.
             Splashed by an acid blob's acid (5 damage)
             ... on level 5 of the Pits of Slime.
             The game lasted 02:00:46 (64608 turns).

Borgoz the Shatterer (Gargoyle Berserker)          Turns: 64608, Time: 02:00:47

Health: -2/155     AC: 25    Str: 34    XL:     26   Next: 41%
Magic:  0/20       EV: 22    Int: 15    God:    Trog [******]
Gold:   4374       SH:  0    Dex: 21    Spells: 25/25 levels left

rFire    + + +     SeeInvis .   a - +11 dire flail of Gargoyle's Death {flame, +Blink rF++ rC+}
rCold    + + +     Faith    .   (shield currently unavailable)
rNeg     + . .     Spirit   +   I - +3 gold dragon scales
rPois    ∞         Reflect  .   (helmet restricted)
rElec    +         Harm     .   U - +0 cloak {rCorr}
rCorr    +         Rampage  .   e - +2 pair of gloves {Str+3}
Will     +++..     Rnd*Tele +   Q - +2 pair of boots {run}
Stlth    ..........             N - amulet of Lugonu's Inspiration {Spirit Str+7 Stlth-}
HPRegen  0.00/turn              z - ring "Vej Fasi" {+Fly rC+ Will++ Int+6}
MPRegen  0.17/turn              G - +6 ring of dexterity

@: corroded, flying, very slightly contaminated, invisible, quick
A: big wings, horns 1, clumsy 1, deformed body, frail 1, low mp 1, negative
energy resistance 1, electricity resistance, inhibited regeneration,
teleportitis 1, unbreathing, evolution 1, petrification resistance, miasma
immunity, AC +20
}: 4/15 runes: serpentine, barnacled, silver, abyssal
a: Stop Flying, Renounce Religion, Evoke Blink, Berserk, Trog's Hand, Brothers
in Arms


You were on level 5 of the Pits of Slime.
You worshipped Trog.
Trog was exalted by your worship.
You visited 10 branches of the dungeon, and saw 46 of its levels.
You visited the Abyss 1 time.
You also visited: Trove and Sewer.

You collected 7250 gold pieces.
You spent 2876 gold pieces at shops.

Inventory:

Hand Weapons
 a - the +11 dire flail of Gargoyle's Death (weapon) {flame, +Blink rF++ rC+}
   (Trog gifted it to you on level 12 of the Dungeon)

   It has been specially enchanted to burn those struck by it, causing extra
   injury to most foes and up to half again as much damage against particularly
   susceptible opponents.
   It greatly protects you from fire.
   It protects you from cold.
   It lets you blink.
Missiles
 p - 9 throwing nets (quivered)
Armour
 e - a +2 pair of gloves of strength (worn)
 I - +3 gold dragon scales (worn)
 Q - a +2 pair of boots of running (worn)
 U - a +0 cloak of preservation (worn)
Jewellery
 j - an uncursed ring of see invisible
 z - the ring "Vej Fasi" (left hand) {+Fly rC+ Will++ Int+6}
   (You bought it in a shop on level 2 of the Snake Pit)

   [ring of intelligence]

   It affects your intelligence (+6).
   It protects you from cold.
   It affects your willpower, your defense against some magical effects.
   It lets you fly.
 F - the ring "Suvvuxe" {rPois rN+++ Dex-3 Slay+4 Stlth+}
   (You found it in a treasure trove)

   [ring of slaying]

   It affects your dexterity (-3).
   It affects your accuracy and damage with ranged weapons and melee attacks
   (+4).
   It protects you from poison.
   It renders you almost immune to negative energy.
   It makes you more stealthy.
 G - a +6 ring of dexterity (right hand)
 N - the amulet of Lugonu's Inspiration (around neck) {Spirit Str+7 Stlth-}
   (You acquired it on level 7 of the Dungeon)

   [amulet of guardian spirit]

   It causes incoming damage to be split between your health and magic.
   It affects your strength (+7).
   It makes you less stealthy.
Wands
 g - a wand of flame (81)
 k - a wand of paralysis (16)
 u - a wand of iceblast (34)
 A - a wand of acid (4)
 D - a wand of digging (14)
 M - a wand of disintegration (67)
Scrolls
 f - 26 scrolls of teleportation
 n - 8 scrolls of fog
 q - 17 scrolls of remove curse
 r - 4 scrolls of holy word
 w - 6 scrolls of fear
 y - 9 scrolls of magic mapping
 L - 4 scrolls of blinking
 O - 5 scrolls of silence
Potions
 c - 11 potions of haste
 d - 9 potions of might
 i - 5 potions of ambrosia
 l - 5 potions of cancellation
 m - 12 potions of curing
 o - 6 potions of berserk rage
 t - 4 potions of heal wounds
 J - 4 potions of resistance
 P - a potion of invisibility


   Skills:
 + Level 19.7 Fighting
 * Level 23.1 Maces & Flails
 - Level 5.0 Throwing
 + Level 19.8 Armour
 * Level 20.3 Dodging
 - Level 10.0 Stealth
 - Level 10.0 Evocations


You had 25 spell levels left.
You didn't know any spells.
Your spell library was empty.

Dungeon Overview and Level Annotations

Branches:
Dungeon (15/15)            Temple (1/1) D:5            Lair (6/6) D:11
 Shoals (4/4) Lair:3        Snake (4/4) Lair:3        Slime (5/5) Lair:6
    Orc (2/2) D:12            Elf (3/3) Orc:2        Vaults (5/5) D:14
  Crypt (1/3) Vaults:3     Depths (0/5) D:15          Sewer (visited)

Altars:
Ashenzari
Cheibriados
Dithmenos
Elyvilon
Fedhas
Gozag
Hepliaklqana
Kikubaaqudgha
Makhleb
Nemelex Xobeh
Okawaru
Qazlal
Ru
Sif Muna
Trog
Uskayaw
Vehumet
Wu Jian
Xom
Yredelemnul
Zin
The Shining One
Beogh

Shops:
D:2 *   Orc:2 *(*:   Elf:1 (   Elf:2 *   Elf:3 }   Snake:1 ?*   Snake:2 =}=!
Vaults:1 :   Vaults:3 *   Vaults:5 (

Portals:
Pandemonium: Orc:2


Innate Abilities, Weirdness & Mutations

You are resistant to torment.
Your stone body is resilient. (AC +20)
You are immune to poison.
Your large and strong wings let you fly indefinitely.
You resist negative energy. (rN+)
You are resistant to electric shocks. (rElec)
You can survive without breathing.
You are immune to petrification.
You are immune to miasma.
You have a pair of small horns on your head.
You are clumsy. (Dex -2)
Armour fits poorly on your strangely shaped body.
You are frail. (-10% HP)
Your magical capacity is low. (-10% MP)
You do not regenerate when monsters are visible.
You are occasionally teleported next to monsters.
You evolve.


Message History

The splash of acid hits you. You resist.
* * * LOW HITPOINT WARNING * * *
You are splashed with acid.
You resist.
* * * LOW HITPOINT WARNING * * *
The acid blob spits acid at you.
The splash of acid hits you but does no damage.
The acid corrodes you!
You are splashed with acid!
You resist.
* * * LOW HITPOINT WARNING * * *
You bludgeon the acid blob!! You burn the acid blob.
Your hands burn!
* * * LOW HITPOINT WARNING * * *
The acid blob is moderately wounded.
The acid blob spits acid at you. The splash of acid hits you. You resist.
* * * LOW HITPOINT WARNING * * *
You are splashed with acid.
You resist.
* * * LOW HITPOINT WARNING * * *
You feel much better. The acid blob hits you!!
* * * LOW HITPOINT WARNING * * *
The acid corrodes you!
You are splashed with acid.
You resist.
You die...

.........................
#.........................
##...................^.....
##........................
#.........................
#####.........................
#...............J.JJ..........
##...............J.J.J.........
....<..........J@J.JJJJJ.......
..................##J.#)##.#..
..................#####.# #
.................## #..#
................## #.##
...............## #.
.............### ##
.............# ##. |#. #.


You could see 5 acid blobs, 5 azure jellies and 4 death oozes.

Vanquished Creatures
  Bai Suzhen (Shoals:4)
  5 golden dragons
  A lich (Vaults:2)
  2 tentacled monstrosities
  A hellephant (Abyss:3)
  Jorgrun (Snake:3)
  3 titans (Vaults:5)
  18 acid blobs
  2 deep elf blademasters (Elf:3)
  Asterion (Snake:3)
  2 deep elf master archers (Elf:3)
  3 sphinxes
  2 quicksilver dragons (Vaults:5)
  3 tentacled starspawn
  An ancient champion (Vaults:3)
  The ghost of Fihet the Severer, an adept FoHu of Nemelex Xobeh (Snake:4)
  A thorn hunter (Abyss:5)
  3 tengu reavers (Vaults:5)
  3 storm dragons
  Kirke (Snake:3)
  3 shadow dragons (Vaults:5)
  5 azure jellies
  5 frost giants
  14 nagarajas
  Ilsuiw (Shoals:4)
  9 deep elf sorcerers
  6 fire giants
  13 vault wardens
  Aizul (Snake:2)
  2 orc warlords
  The ghost of Armakuni the Stickfighter, a journeyman HuAr of Gozag (Lair:6)
  A curse skull (Vaults:3)
  7 ghouls (Crypt:1)
  7 deep elf elementalists
  The ghost of Megustar the Scorcher, a journeyman DEFE of Vehumet (Lair:4)
  2 war gargoyles (Vaults:5)
  20 ironheart preservers
  10 very ugly things
  7 deep elf demonologists
  12 stone giants
  Nessos (Lair:6)
  The ghost of Paluwo the Brawler, a journeyman TrMo of Nemelex Xobeh (Lair:3)
  5 vampire knights (Crypt:1)
  11 deep elf annihilators
  An entropy weaver (shapeshifter) (Vaults:5)
  Azrael (D:12)
  13 merfolk javelineers
  3 entropy weavers
  The ghost of sanka the Fighter, a journeyman OgBe of Trog (D:11)
  6 merfolk impalers
  5 deep elf death magi
  A death ooze (Slime:5)
  The ghost of qborf the Destroyer, a journeyman DECj of Gozag (Lair:6)
  2 fire dragons
  16 yaktaur captains
  Josephine (D:15)
  6 deep elf high priests
  7 ettins
  10 jiangshi (Crypt:1)
  5 great orbs of eyes
  3 rakshasas
  A great orb of eyes (shapeshifter) (Vaults:5)
  33 naga warriors
  7 centaur warriors
  41 vault guards
  6 boulder beetles
  8 hydras
  Erica (D:10)
  7 merfolk aquamancers
  2 merfolk avatars (Shoals:4)
  7 anacondas
  A catoblepas (Lair:5)
  37 two-headed ogres
  An anaconda (shapeshifter) (Vaults:5)
  11 ogre magi
  2 vampire magi (Crypt:1)
  3 tengu warriors
  5 death yaks (Lair:6)
  Urug (D:12)
  A queen ant (Lair:3)
  3 satyrs
  3 deep troll shamans
  33 dancing weapons
  2 deep troll earth magi
  3 soul eaters
  6 orc high priests (Orc:2)
  10 shock serpents
  A thrashing horror (Abyss:5)
  12 naga sharpshooters
  2 sun demons (Orc:2)
  A storm dragon zombie (Crypt:1)
  32 deep elf knights
  A wretched star (Abyss:5)
  2 small abominations
  A hell knight (Vaults:2)
  2 shadow wraiths
  6 skeletal warriors
  A storm dragon skeleton (Vaults:1)
  2 sixfirhies
  5 salamander mystics
  5 unseen horrors
  16 deep trolls
  3 bog bodies (Crypt:1)
  An infernal demonspawn (Orc:2)
  A swamp dragon (Abyss:5)
  12 sea snakes
  3 torturous demonspawn (Orc:2)
  3 glowing orange brains
  7 naga ritualists
  4 wizards
  A swamp dragon (shapeshifter) (Vaults:5)
  2 lindwurms (Lair:6)
  A wolf spider zombie (D:12)
  12 ironbrand convokers
  A phantasmal warrior (Vaults:4)
  22 deep elf archers
  6 necromancers
  10 harpies
  51 deep elf magi
  15 orc knights
  7 mana vipers
  2 orb spiders (shapeshifter)
  4 wolf spiders
  18 ugly things
  6 shining eyes
  A wolf spider (shapeshifter) (Vaults:5)
  7 orc sorcerers
  19 fauns
  A salamander (shapeshifter) (Vaults:1)
  86 slime creatures
  10 cyclopes
  15 salamanders
  An oklob plant (D:11)
  15 elephants
  13 manticores
  A stone giant zombie (Vaults:1)
  A cyclops (shapeshifter) (Vaults:5)
  2 apocalypse crabs
  A worldbinder (Abyss:5)
  20 naga magi
  9 water nymphs
  12 merfolk sirens
  10 guardian serpents
  20 vault sentinels
  34 black mambas
  2 molten gargoyles (Lair:6)
  2 eyes of devastation (Slime:4)
  2 frost giant skeletons (Crypt:1)
  Psyche (D:8)
  A torpor snail (shapeshifter) (Elf:1)
  The ghost of emiel the Insei, a novice DsWn (D:4)
  A cane toad (shapeshifter) (Vaults:4)
  2 smoke demons (Orc:2)
  A torpor snail (Lair:5)
  2 human zombies (Vaults:1)
  12 cane toads
  40 yaktaurs
  2 kobold demonologists
  A rime drake (Lair:6)
  7 freezing wraiths
  A yaktaur skeleton (Vaults:1)
  18 komodo dragons
  An efreet (Abyss:3)
  A minotaur skeleton (Crypt:1)
  4 polar bears
  2 red devils (Orc:2)
  A tengu conjurer (D:15)
  A queen bee (Lair:3)
  4 ancient zymes
  36 merfolk
  2 trolls
  7 wind drakes
  A jumping spider (Vaults:3)
  A jumping spider (shapeshifter) (Vaults:5)
  A polar bear (shapeshifter) (Vaults:3)
  4 hornets
  8 blink frogs
  14 snapping turtles
  9 dream sheep
  A dream sheep (shapeshifter) (Vaults:4)
  A stone giant simulacrum (Vaults:3)
  15 water elementals
  3 starcursed masses (Abyss:5)
  3 redbacks
  A shadow (D:12)
  A vampire (D:12)
  10 wraiths
  4 hogs (Snake:3)
  6 large abominations
  7 wyverns
  8 basilisks
  A fire bat (shapeshifter) (Vaults:2)
  44 yaks
  5 golden eyes
  5 fire elementals
  2 steam dragons (Lair:6)
  4 vampire mosquitoes (D:14)
  Edmund (D:5)
  81 nagas
  7 wargs
  14 soldier ants (Lair:3)
  2 acid dragons
  A floating eye (Slime:4)
  10 water moccasins
  6 hell hounds
  A floating eye (shapeshifter) (Vaults:4)
  2 sky beasts
  3 ice beasts
  29 ogres
  48 orc warriors
  A hornet zombie (D:12)
  5 black bears (D:9)
  2 black bears (shapeshifter)
  An eye of draining (shapeshifter) (Vaults:1)
  7 eyes of draining
  4 phantoms
  A centaur (shapeshifter) (Vaults:5)
  21 wolves
  31 centaurs
  A lindwurm skeleton (Crypt:1)
  Blork the orc (D:5)
  7 big kobolds
  19 bullfrogs
  4 earth elementals
  4 elf zombies
  A gnoll sergeant (Orc:2)
  A hornet simulacrum (D:15)
  3 wyvern skeletons
  5 scorpions
  14 wights
  A warg skeleton (Crypt:1)
  6 howler monkeys
  10 killer bees
  14 electric eels
  A wolf zombie (Crypt:1)
  A human simulacrum (Vaults:3)
  2 bullfrog zombies
  5 crimson imps (Abyss:4)
  5 lava snakes (Lair:6)
  4 centaur zombies
  A quasit (D:12)
  12 hounds
  7 jellies
  Crazy Yiuf (D:3)
  A bullfrog skeleton (D:13)
  30 orc priests
  6 centaur skeletons
  Natasha (thrice) (D:3)
  4 iguanas
  21 orc wizards
  47 worker ants
  A killer bee zombie (D:10)
  An acid dragon skeleton (Crypt:1)
  A howler monkey zombie (D:5)
  Robin (D:3)
  6 gnolls
  17 adders
  A river rat (Sewer)
  2 shadow imps
  3 white imps (Abyss:4)
  2 ufetubi
  3 oozes
  An iguana skeleton (Crypt:1)
  6 worms
  2 dart slugs
  2 leopard geckos (D:6)
  97 orcs
  3 bats
  7 giant cockroaches
  11 hobgoblins
  11 jackals
  18 kobolds
  6 quokkas
  3 ball pythons
  7 frilled lizards
  16 goblins
  A quokka skeleton (D:5)
  11 rats
  3 starspawn tentacles
2153 creatures vanquished.

Vanquished Creatures (collateral kills)
  the Royal Jelly (Slime:5)
  3 acid blobs (Slime:5)
  3 azure jellies (Slime:5)
  3 death oozes (Slime:5)
  A slime creature (Slime:5)
  2 eyes of draining (Slime:5)
13 creatures vanquished.

Vanquished Creatures (others)
  A deep elf knight (Elf:3)
  A shadow wraith (Vaults:3)
  A guardian serpent (Abyss:5)
  A water elemental (Shoals:3)
  A golden eye (Slime:1)
  A naga (Snake:2)
  An orc warrior (Vaults:3)
  A sky beast (D:8)
  2 killer bees (D:13)
  3 orc wizards
  3 orcs
  A briar patch (Abyss:5)
  A bush (Lair:6)
  41 fungi
  A lurking horror (Abyss:5)
  244 plants
  3 starspawn tentacles
  A withered plant (Lair:6)
308 creatures vanquished.

Grand Total: 2474 creatures vanquished

Notes
Turn   | Place    | Note
-------+----------+-------------------------------------------
     0 | D:1      | Borgoz the Gargoyle Berserker began the quest for the Orb.
     0 | D:1      | Reached XP level 1. HP: 14/14 MP: 1/1
   162 | D:1      | Reached XP level 2. HP: 14/19 MP: 2/2
   760 | D:1      | Reached XP level 3. HP: 23/23 MP: 3/3
  1099 | D:2      | Reached ** piety under Trog
  1318 | D:2      | Reached XP level 4. HP: 24/29 MP: 4/4
  1376 | D:2      | Found Zin's Purification Station.
  1378 | D:2      | Found a glowing silver altar of Zin.
  1601 | D:2      | Noticed an ice beast
  1622 | D:2      | Killed an ice beast
  1623 | D:2      | Reached skill level 4 in Maces & Flails
  1623 | D:2      | Reached XP level 5. HP: 9/34 MP: 5/5
  2257 | D:3      | Noticed Natasha
  2266 | D:3      | Killed Natasha
  2486 | D:3      | Found a runed translucent door.
  2487 | D:3      | Noticed Crazy Yiuf
  2617 | D:3      | Noticed Robin
  2620 | D:3      | Reached XP level 6. HP: 37/39 MP: 6/6
  2636 | D:3      | Reached *** piety under Trog
  2642 | D:3      | Killed Robin
  2802 | D:3      | Noticed Natasha
  2807 | D:3      | Killed Natasha
  3016 | D:3      | Noticed Natasha
  3039 | D:3      | Killed Natasha
  3237 | D:3      | Killed Crazy Yiuf
  3464 | D:4      | Found an ornate altar of the Wu Jian Council.
  3464 | D:4      | Found an ancient bone altar of Kikubaaqudgha.
  3464 | D:4      | Found a stormy altar of Qazlal.
  3464 | D:4      | Found a glowing golden altar of the Shining One.
  3614 | D:4      | Found a glowing drain.
  3642 | Sewer    | Entered a sewer
  3775 | Sewer    | Reached skill level 5 in Fighting
  3775 | Sewer    | Reached XP level 7. HP: 43/44 MP: 7/7
  4113 | Sewer    | Reached **** piety under Trog
  4257 | Sewer    | Gained mutation: You possess an exceptional clarity of
                  | mind. [potion of mutation]
  4257 | Sewer    | Gained mutation: You have a pair of small horns on your
                  | head. [potion of mutation]
  4257 | Sewer    | Gained mutation: Your mind is acute. (Int +2) [potion of
                  | mutation]
  4336 | D:4      | Found a transporter.
  4342 | D:4      | Noticed emiel's ghost (novice DsWn)
  4342 | D:4      | Found a transporter.
  4386 | D:4      | Reached skill level 5 in Maces & Flails
  4584 | D:4      | Found a white marble altar of Elyvilon.
  4866 | D:5      | Entered Level 5 of the Dungeon
  4882 | D:5      | Reached skill level 5 in Armour
  4909 | D:5      | Reached XP level 8. HP: 48/51 MP: 8/8
  5345 | D:5      | Noticed Blork the orc
  5353 | D:5      | Killed Blork the orc
  5468 | D:5      | Noticed Edmund
  5486 | D:5      | Killed Edmund
  5641 | D:5      | Reached skill level 6 in Maces & Flails
  5718 | D:5      | Found a staircase to the Ecumenical Temple.
  5777 | Temple   | Entered the Ecumenical Temple
  6346 | D:5      | Found an opulent altar of Gozag.
  6347 | D:5      | Found a sparkling altar of Nemelex Xobeh.
  6495 | D:6      | Reached XP level 9. HP: 56/56 MP: 9/9
  6601 | D:6      | Reached skill level 5 in Dodging
  7094 | D:7      | Reached ***** piety under Trog
  7363 | D:7      | Identified a scroll of acquirement
  7368 | D:7      | Acquired the amulet of Lugonu's Inspiration {Spirit Str+7
                  | Stlth-}
  7475 | D:7      | Reached skill level 7 in Maces & Flails
  7945 | D:7      | Found a shadowy altar of Dithmenos.
  7946 | D:7      | Found a hazy altar of Hepliaklqana.
  8316 | D:8      | Noticed Psyche
  8323 | D:8      | Killed Psyche
  8324 | D:8      | Reached XP level 10. HP: 59/65 MP: 10/10
  8926 | D:9      | Found a bloodstained altar of Trog.
  8950 | D:9      | Reached skill level 8 in Maces & Flails
  9549 | D:9      | Found a snail-covered altar of Cheibriados.
  9616 | D:10     | Entered Level 10 of the Dungeon
  9636 | D:10     | Noticed Erica
  9647 | D:10     | Killed Erica
 10237 | D:10     | Reached XP level 11. HP: 52/71 MP: 3/11
 10690 | D:11     | Reached skill level 9 in Maces & Flails
 10845 | D:4      | Killed emiel's ghost
 11098 | D:11     | Found a transporter.
 11104 | D:11     | Noticed sanka's ghost (journeyman OgBe)
 11105 | D:11     | Found a transporter.
 11105 | D:11     | Identified the +7 dire flail of the Slime-mould {flame,
                  | +Inv rElec Str-4 SInv}
 11105 | D:11     | Identified the cursed +1 dire flail of the Twisting Hawk
                  | {freeze, Str+3}
 11105 | D:11     | Noticed a two-headed ogre
 11106 | D:11     | Noticed a two-headed ogre
 11158 | D:11     | Noticed a manticore
 11164 | D:11     | Killed a manticore
 11165 | D:11     | Reached skill level 10 in Fighting
 11168 | D:11     | Reached skill level 10 in Armour
 11168 | D:11     | Reached XP level 12. HP: 76/77 MP: 12/12
 11199 | D:11     | Reached skill level 10 in Maces & Flails
 11399 | D:11     | Noticed a two-headed ogre
 11408 | D:11     | Killed a two-headed ogre
 12117 | D:11     | Found a staircase to the Lair.
 12351 | Lair:1   | Entered Level 1 of the Lair of Beasts
 13267 | Lair:2   | Reached XP level 13. HP: 84/84 MP: 11/13
 13382 | Lair:2   | Reached skill level 11 in Maces & Flails
 13417 | Lair:2   | Reached skill level 10 in Dodging
 13827 | Lair:2   | Received a gift from Trog
 14720 | Lair:2   | Got a bloodstained scimitar
 14810 | Lair:3   | Found a transporter.
 14810 | Lair:3   | Found a transporter.
 14810 | Lair:3   | Noticed Paluwo's ghost (journeyman TrMo)
 14922 | Lair:3   | Found a staircase to the Shoals.
 15061 | Lair:3   | Found a staircase to the Snake Pit.
 15665 | Lair:4   | Reached skill level 12 in Maces & Flails
 15743 | Lair:1   | Identified the cursed +2 scimitar "Istras" {flame, Will++}
                  | (You found it on level 2 of the Lair of Beasts)
 15784 | Lair:1   | Gained mutation: Your large and strong wings let you fly
                  | indefinitely. [Gargoyle growth]
 15784 | Lair:1   | Reached XP level 14. HP: 91/91 MP: 14/14
 15883 | Lair:3   | HP: 5/136 [killer bee (2)]
 15886 | Lair:3   | Killed Paluwo's ghost
 15894 | Lair:3   | HP: 5/136 [killer bee (1)]
 16606 | Lair:4   | Received a gift from Trog
 16674 | Lair:4   | Found a shimmering altar of Xom.
 16674 | Lair:4   | Noticed Megustar's ghost (journeyman DEFE)
 16675 | Lair:4   | Found a runed translucent door.
 17036 | Lair:4   | Killed Megustar's ghost
 17037 | Lair:4   | Reached XP level 15. HP: 63/96 MP: 5/15
 17609 | Lair:5   | Reached skill level 13 in Maces & Flails
 17744 | Lair:6   | Entered Level 6 of the Lair of Beasts
 18203 | Lair:6   | Found a staircase to the Slime Pits.
 18208 | Lair:6   | Noticed Nessos
 18226 | Lair:6   | Killed Nessos
 18561 | Lair:6   | Found a runed translucent gate.
 18561 | Lair:6   | Found a runed translucent gate.
 18562 | Lair:6   | Found a runed translucent gate.
 18805 | Lair:6   | Received a gift from Trog
 18813 | Lair:6   | Got a crystal demon whip {god gift}
 18814 | Lair:6   | Identified the +3 demon whip of Onuf {flame, Str+2 Int-3
                  | Dex+7} (Trog gifted it to you on level 6 of the Lair of
                  | Beasts)
 18991 | Lair:6   | Reached ****** piety under Trog
 19097 | Lair:6   | Found a large runed translucent door.
 19097 | Lair:6   | Found a large runed translucent door.
 19962 | Lair:6   | Reached skill level 14 in Maces & Flails
 19981 | Lair:6   | Noticed qborf's ghost (journeyman DECj)
 19981 | Lair:6   | Noticed Armakuni's ghost (journeyman HuAr)
 20054 | Lair:6   | Killed Armakuni's ghost
 20065 | Lair:6   | Killed qborf's ghost
 20079 | Lair:6   | Got a crude plate armour
 20090 | Lair:6   | Identified the +5 plate armour "Ompir" {rC- Regen+ rCorr
                  | Int-4} (You found it on level 6 of the Lair of Beasts)
 20175 | Lair:6   | Reached XP level 16. HP: 104/104 MP: 16/16
 20190 | Lair:6   | Identified the Collected Works on Mutagenic Execration
 20768 | D:11     | Killed sanka's ghost
 21252 | D:12     | Noticed Urug
 21262 | D:12     | Received a gift from Trog
 21265 | D:12     | Killed Urug
 21288 | D:12     | Got a glimmering dire flail {god gift}
 21298 | D:12     | Identified the +11 dire flail of Gargoyle's Death {flame,
                  | +Blink rF++ rC+} (Trog gifted it to you on level 12 of the
                  | Dungeon)
 21636 | D:12     | Noticed Azrael
 21645 | D:12     | Killed Azrael
 22004 | D:12     | Found a staircase to the Orcish Mines.
 22148 | D:12     | Found a roughly hewn altar of Beogh.
 22591 | D:13     | Received a gift from Trog
 23512 | D:14     | Found a gate to the Vaults.
 23901 | D:15     | Entered Level 15 of the Dungeon
 24064 | D:15     | Reached skill level 15 in Maces & Flails
 24077 | D:15     | Found a staircase to the Depths.
 24319 | D:15     | Found a portal to a secret trove of treasure.
 24517 | D:15     | Found a blossoming altar of Fedhas.
 24519 | D:15     | Noticed Josephine
 24529 | D:15     | Killed Josephine
 24992 | D:15     | Found a hide-covered altar of Uskayaw.
 25170 | Orc:1    | Entered Level 1 of the Orcish Mines
 25191 | Orc:1    | Reached XP level 17. HP: 110/110 MP: 17/17
 25194 | Orc:1    | Received a gift from Trog
 25641 | Orc:1    | Found a roughly hewn altar of Beogh.
 25906 | Orc:2    | Entered Level 2 of the Orcish Mines
 26157 | Orc:2    | Found Fer Bev's General Store.
 26158 | Orc:2    | Found Qymo's General Store.
 26458 | Orc:2    | Bought a potion of might for 60 gold pieces
 26480 | Orc:2    | Found a staircase to the Elven Halls.
 26916 | Orc:2    | Received a gift from Trog
 27527 | Orc:2    | Found Elau's Book Shoppe.
 27527 | Orc:2    | Found Tit Natz's Antique Weapon Emporium.
 27527 | Orc:2    | Found a one-way gate leading to the halls of Pandemonium.
 27766 | Shoals:1 | Entered Level 1 of the Shoals
 27779 | Shoals:1 | Reached skill level 16 in Maces & Flails
 28551 | Shoals:1 | Received a gift from Trog
 30725 | Shoals:3 | Reached XP level 18. HP: 97/117 MP: 15/18
 30853 | Shoals:3 | Reached skill level 15 in Armour
 31060 | Shoals:3 | Received a gift from Trog
 32403 | Shoals:4 | Entered Level 4 of the Shoals
 33137 | Shoals:4 | Noticed Bai Suzhen
 33159 | Shoals:4 | Killed Bai Suzhen
 33160 | Shoals:4 | Reached skill level 15 in Fighting
 33160 | Shoals:4 | Reached skill level 17 in Maces & Flails
 33160 | Shoals:4 | Reached skill level 15 in Dodging
 33507 | Shoals:4 | Received a gift from Trog
 34156 | Shoals:4 | Identified a +2 pair of boots of running (You found it on
                  | level 4 of the Shoals)
 34274 | Shoals:4 | Got a barnacled rune of Zot
 34775 | Shoals:4 | Noticed Ilsuiw
 34848 | Shoals:4 | Killed Ilsuiw
 35591 | Snake:1  | Entered Level 1 of the Snake Pit
 35868 | Snake:1  | Found Nerudiur's Assorted Antiques.
 35875 | Snake:1  | Bought a scroll of teleportation for 117 gold pieces
 35875 | Snake:1  | Bought a golden ring for 195 gold pieces
 36153 | Snake:1  | Found Lanihu's Magic Scroll Boutique.
 36157 | Snake:1  | Bought a scroll of blinking for 150 gold pieces
 36158 | Snake:1  | Acquired an uncursed ring of see invisible
 36161 | Snake:1  | Bought a scroll of teleportation for 60 gold pieces
 36389 | D:15     | You paid a toll of 5 scrolls of blinking to enter a
                  | treasure trove
 36390 | Trove    | Entered a treasure trove
 36403 | Trove    | Got a heavily runed marble ring
 36432 | Trove    | Identified the ring "Suvvuxe" {rPois rN+++ Dex-3 Slay+4
                  | Stlth+} (You found it in a treasure trove)
 36804 | Snake:1  | Received a gift from Trog
 37532 | Snake:2  | Reached XP level 19. HP: 113/124 MP: 17/19
 37693 | Snake:2  | Found Ylum's Distillery.
 37704 | Snake:2  | Bought a potion of resistance for 160 gold pieces
 37704 | Snake:2  | Bought 2 potions of berserk rage for 160 gold pieces
 37704 | Snake:2  | Bought a potion of ambrosia for 128 gold pieces
 37704 | Snake:2  | Bought a potion of resistance for 160 gold pieces
 38395 | Snake:2  | Noticed Aizul
 38411 | Snake:2  | Killed Aizul
 38821 | Snake:2  | Found Ebryasom's Gadget Boutique.
 38822 | Snake:2  | Found Fali's Jewellery Shoppe.
 38822 | Snake:2  | Found Wiem's Jewellery Shoppe.
 39043 | Snake:3  | Received a gift from Trog
 39197 | Snake:3  | Noticed Asterion
 39210 | Snake:3  | Killed Asterion
 39552 | Snake:3  | Noticed Kirke
 39568 | Snake:3  | Killed Kirke
 39576 | Snake:3  | Reached skill level 5 in Evocations
 39617 | Snake:3  | Noticed Jorgrun
 39827 | Snake:3  | Reached skill level 18 in Maces & Flails
 39925 | Snake:3  | Killed Jorgrun
 40216 | Snake:3  | Reached skill level 5 in Stealth
 40677 | Snake:4  | Entered Level 4 of the Snake Pit
 40678 | Snake:4  | Found a large runed translucent door.
 40682 | Snake:4  | Found a large runed translucent door.
 40876 | Snake:4  | Received a gift from Trog
 41083 | Snake:4  | Found a shadowy altar of Dithmenos.
 41759 | Snake:4  | Noticed Fihet's ghost (adept FoHu)
 41791 | Snake:4  | Reached XP level 20. HP: 131/131 MP: 20/20
 41939 | Snake:4  | Killed Fihet's ghost
 42684 | Snake:4  | Received a gift from Trog
 42689 | Snake:4  | Got a scorched dire flail {god gift}
 42694 | Snake:4  | Got a serpentine rune of Zot
 42695 | Snake:4  | Identified the +4 dire flail "Toemount" {flame, rF+ Int+4}
                  | (Trog gifted it to you on level 4 of the Snake Pit)
 43365 | Snake:2  | Bought the ring "Vej Fasi" {+Fly rC+ Will++ Int+6} for 1411
                  | gold pieces
 43604 | Elf:1    | Entered Level 1 of the Elven Halls
 43696 | Elf:1    | Found Ypeawkenk's Antique Weapon Boutique.
 43797 | Elf:1    | Paralysed by a floating eye for 3 turns
 43863 | Elf:1    | Received a gift from Trog
 44113 | Elf:1    | Reached skill level 19 in Maces & Flails
 44129 | Elf:1    | Identified the +8 scimitar "Zaywnepuuk" {freeze, Will+
                  | Str+6 Int+4}
 44130 | Elf:1    | Identified the Almanac of Frigorific Poisoning
 44673 | Vaults:1 | Entered Level 1 of the Vaults
 44868 | Vaults:1 | Reached XP level 21. HP: 121/137 MP: 19/21
 45119 | Vaults:1 | Received a gift from Trog
 46045 | Vaults:1 | Found Houzoz's Book Emporium.
 46089 | Vaults:1 | Received a gift from Trog
 47807 | Vaults:2 | Noticed a golden dragon
 47822 | Vaults:2 | Killed a golden dragon
 47823 | Vaults:2 | Reached XP level 22. HP: 51/144 MP: 8/22
 47830 | Vaults:2 | Reached skill level 20 in Maces & Flails
 48980 | Vaults:2 | Identified Oliluj's Grimoire of Execration and Conjuration
 49101 | Vaults:2 | Got a warped dagger
 49102 | Vaults:2 | Identified the +0 dagger of Yeast {pain, rPois} (You found
                  | it on level 2 of the Vaults)
 49359 | Vaults:3 | Received a gift from Trog
 49478 | Vaults:3 | Reached skill level 1 in Throwing
 50139 | Vaults:3 | Received a gift from Trog
 50166 | Vaults:3 | Got a jewelled great mace {god gift}
 50202 | Vaults:3 | Identified the +9 great mace of Lyerr {antimagic, Dex+2}
                  | (Trog gifted it to you on level 3 of the Vaults)
 50356 | Vaults:3 | Found a staircase to the Crypt.
 50490 | Vaults:3 | Found Coschon's General Store.
 51293 | Vaults:4 | Received a gift from Trog
 51366 | Vaults:4 | Reached XP level 23. HP: 151/151 MP: 23/23
 52514 | Vaults:5 | Entered Level 5 of the Vaults
 52688 | Vaults:4 | Received a gift from Trog
 52945 | Vaults:5 | Paralysed by a floating eye for 2 turns
 53439 | Vaults:5 | Noticed a golden dragon
 53479 | Vaults:5 | Identified the +6 whip of Destiny {antimagic, *Noise rF+
                  | rN+ Will+}
 53680 | Vaults:5 | Noticed a golden dragon
 53831 | Vaults:5 | Killed a golden dragon
 53832 | Vaults:5 | Reached skill level 21 in Maces & Flails
 53871 | Vaults:5 | Noticed a golden dragon
 53881 | Vaults:5 | Received a gift from Trog
 53884 | Vaults:5 | Killed a golden dragon
 53895 | Vaults:5 | Killed a golden dragon
 54239 | Vaults:5 | Reached XP level 24. HP: 110/157 MP: 17/23
 54267 | Vaults:5 | Reached skill level 5 in Throwing
 54609 | Vaults:5 | Got a heavily runed helmet
 54616 | Vaults:5 | Got a sapphire war axe
 54638 | Vaults:5 | Identified the +4 war axe of Unpleasantness {vorpal,
                  | Will++} (You found it on level 5 of the Vaults)
 54639 | Vaults:5 | Identified the +0 helmet of Pantheism {Will++ Str+2} (You
                  | found it on level 5 of the Vaults)
 54653 | Vaults:5 | Got a silver rune of Zot
 54974 | Vaults:5 | Got a shimmering turquoise ring
 55207 | Vaults:5 | Found Tosa Sio's Weapon Boutique.
 55226 | Vaults:5 | Got a crystal rapier
 55240 | Vaults:5 | Got a transparent morningstar
 55319 | Vaults:5 | Identified the ring "Paddamp" {rPois rN+ Int+6 Dex+3} (You
                  | found it on level 5 of the Vaults)
 55320 | Vaults:5 | Identified the +2 morningstar "Coiraov" {vorpal, rC+ Str+4
                  | Int-3} (You found it on level 5 of the Vaults)
 55321 | Vaults:5 | Identified the +9 rapier of Spring {protect, Str+4} (You
                  | found it on level 5 of the Vaults)
 55349 | Vaults:5 | Got a scorched quarterstaff
 55350 | Vaults:5 | Identified the +7 quarterstaff of Ifukli Ibra {spect,
                  | Str+2} (You found it on level 5 of the Vaults)
 55367 | Vaults:5 | Identified Sif Muna's Grimoire of Ice and Ignition
 55382 | Vaults:5 | Identified the Handbook of Cold and Hexes
 56352 | Crypt:1  | Entered Level 1 of the Crypt
 56426 | Crypt:1  | Reached skill level 10 in Evocations
 56472 | Crypt:1  | Received a gift from Trog
 56499 | Crypt:1  | Found a huge runed translucent gate.
 56500 | Crypt:1  | Found a huge runed translucent gate.
 56500 | Crypt:1  | Found a huge runed translucent gate.
 56500 | Crypt:1  | Found a huge runed translucent gate.
 56501 | Crypt:1  | Found a huge runed translucent gate.
 56501 | Crypt:1  | Found a huge runed translucent gate.
 56501 | Crypt:1  | Found a huge runed translucent gate.
 56501 | Crypt:1  | Found a huge runed translucent gate.
 56501 | Crypt:1  | Found a huge runed translucent gate.
 57981 | Orc:2    | Bought a potion of heal wounds for 60 gold pieces
 58046 | Elf:2    | Found an ancient bone altar of Kikubaaqudgha.
 58060 | Elf:2    | Got a smoking plate armour
 58064 | Elf:2    | Identified the +9 plate armour "Xochiud" {rPois Str+4} (You
                  | found it on level 2 of the Elven Halls)
 58139 | Elf:2    | Found a runed translucent gate.
 58167 | Elf:2    | Found a runed translucent gate.
 58170 | Elf:2    | Found a runed translucent gate.
 58298 | Elf:2    | Found Gemec's Assorted Antiques.
 58304 | Elf:2    | Bought a potion of heal wounds for 215 gold pieces
 58368 | Elf:2    | Received a gift from Trog
 58452 | Elf:2    | Reached skill level 10 in Stealth
 59030 | Elf:2    | Reached XP level 25. HP: 156/164 MP: 22/23
 59440 | Elf:3    | Entered Level 3 of the Elven Halls
 59558 | Elf:3    | Reached skill level 22 in Maces & Flails
 59603 | Elf:3    | Cast into level 3 of the Abyss (+6 trident of distortion)
 59690 | Abyss:3  | Received a gift from Trog
 59742 | Abyss:3  | Found a shimmering blue altar of Sif Muna.
 59827 | Abyss:5  | Entered Level 5 of the Abyss
 59897 | Abyss:5  | Got an abyssal rune of Zot
 59914 | Elf:3    | Escaped the Abyss
 60384 | Elf:3    | Identified the +10 flail of Vaqatol {vorpal, rPois Str+6
                  | Int-2 Dex+3}
 60904 | Elf:3    | Received a gift from Trog
 61050 | Elf:3    | Found Yqun's Gadget Shop.
 61085 | Elf:3    | Identified the +3 buckler "Haivvuge" {rC+ Will+}
 61277 | Elf:3    | Got a pair of polished boots
 61298 | Elf:3    | Got a pearl-encrusted ring mail
 61300 | Elf:3    | Got a twitching pewter amulet
 61340 | Elf:3    | Got a crystal eveningstar
 61700 | Elf:3    | Gained mutation: Armour fits poorly on your strangely
                  | shaped body. [mutagenic glow]
 61944 | Lair:1   | Identified the amulet of Autumn {Spirit SInv} (You found it
                  | on level 3 of the Elven Halls)
 61945 | Lair:1   | Identified the +8 eveningstar of Urgency {venom, rPois rC+
                  | Str-5} (You found it on level 3 of the Elven Halls)
 61946 | Lair:1   | Identified the +1 pair of boots of Daffodils {Harm rElec
                  | rN++ Int-5} (You found it on level 3 of the Elven Halls)
 61947 | Lair:1   | Identified the +4 ring mail of the Equinox {+Blink Str+3
                  | Dex+2} (You found it on level 3 of the Elven Halls)
 62118 | Slime:1  | Entered Level 1 of the Pits of Slime
 62122 | Slime:1  | Gained mutation: You do not regenerate when monsters are
                  | visible. [a shining eye]
 62125 | Slime:1  | Gained mutation: You evolve. [a shining eye]
 62128 | Slime:1  | Gained mutation: Your magical capacity is low. (-10% MP) [a
                  | shining eye]
 62129 | Slime:1  | Lost mutation: You possess an exceptional clarity of mind.
                  | [a shining eye]
 62135 | Slime:1  | Gained mutation: You are occasionally teleported next to
                  | monsters. [a shining eye]
 62137 | Slime:1  | Gained mutation: You are clumsy. (Dex -2) [a shining eye]
 62807 | Slime:1  | Gained mutation: You are frail. (-10% HP) [a shining eye]
 62812 | Slime:1  | Lost mutation: Your mind is acute. (Int +2) [a shining eye]
 62984 | Slime:2  | Received a gift from Trog
 63010 | Slime:2  | Reached XP level 26. HP: 73/154 MP: 7/20
 63893 | Slime:5  | Entered Level 5 of the Pits of Slime
 64114 | Slime:4  | Paralysed by a floating eye for 2 turns
 64523 | Slime:5  | Reached skill level 23 in Maces & Flails
 64549 | Slime:5  | Received a gift from Trog
 64579 | Slime:5  | Noticed the Royal Jelly
 64596 | Slime:5  | Killed the Royal Jelly
 64607 | Slime:5  | HP: 7/155 [acid blob/splash of acid (6)]
 64607 | Slime:5  | HP: 2/155 [acid (5)]
 64608 | Slime:5  | Splashed by an acid blob's acid

Illustrated notes

Levels and vault maps discovered:
D:1:      lightli_arrival_maybe_door_vault, layout_loops_cross
D:2:      layout_rooms, zin_purify, hangedman_abyss_or_decor_stabs
D:3:      layout_loops_ring, uniq_robin, uniq_natasha, uniq_crazy_yiuf_cottage
D:4:      layout_basic, kennysheep_mini_moat,
          chequers_temple_overflow_statue_of_worship, gup_sewer_entry_bubbles,
          gammafunk_ghost_arena
D:5:      kennysheep_big_flooded_room, layout_layer_cave,
          grunt_temple_overflow_opulence, minmay_temple_entry_gardened_gates,
          minmay_crossroads, uniq_edmund, uniq_blork_the_orc
D:6:      minmay_spotlight, layout_cave_pods, kennysheep_potato
D:7:      layout_gridville, riverfiend_overflow_shadow_ancestor,
          kennysheep_small_spiral
D:8:      wad_crossroads, layout_basic, uniq_psyche
D:9:      layout_gridville, lemuel_round_altar, trog_ov_bears_minmay
D:10:     layout_grid_maze, serial_bayou, serial_bayou_shore_b,
          serial_bayou_crossing, serial_bayou_ford_a, serial_bayou_lagoon_b,
          uniq_erica
D:11:     layout_long_grid, dpeg_oklobed_lair, gammafunk_ghost_smash
D:12:     layout_roguey, erik_orc_4, special_room [special_room_orc],
          minmay_microvault, uniq_urug, uniq_azrael
D:13:     layout_roguey, kennysheep_boxes
D:14:     layout_basic, hangedman_vaults_entry_quadrant_bands
D:15:     hangedman_depths_entry_civil_slaughter, layout_loops_cross,
          basic_altar, dk_noncrumbling_2, nicolae_trove_entry_crossroad,
          hex_large, fedhas_altar_2, uniq_josephine
Temple:   zaba_magenta_temple
Lair:1:   layout_roguey, chequers_serial_rivers_micro_a, grunt_megastairs_2
Lair:2:   beast_lair_carwin_large_1, layout_regular_city,
          nicolae_lair_grove_arrangements
Lair:3:   layout_loops_ring, minmay_shoals_entry_centaurs, dummy_snake_entry,
          gammafunk_ghost_hive, chequers_serial_rivers_micro_a,
          cheibrodos_lair_caveside_slide, zaba_anthell
Lair:4:   layout_big_grid, ebering_ghost_xom
Lair:5:   layout_hall_layers, columned_hall_lemuel, serial_bayou_pond_e,
          lemuel_fruit_fields, grunt_megastairs_1
Lair:6:   cheibrodos_lair_end_hotspot, layout_layer_cave,
          minmay_slime_entry_pillars, gammafunk_ghost_cemetery,
          chequers_serial_rivers_micro_b, uniq_nessos
Shoals:1: layout_shoals, nicolae_shoals_square_sea_wall, st_sunken_huts
Shoals:2: layout_shoals
Shoals:3: layout_shoals
Shoals:4: shoals_end_grunt_garden, layout_shoals, shoals_ilsuiw_ice,
          hangedman_shoals_cup_caves, uniq_bai_suzhen
Snake:1:  layout_chambers, serial_shops, shop, shop, grunt_megastairs_4
Snake:2:  layout_layer_cave, serial_shops, shop, minmay_shop_grove,
          serial_bayou_shore_a, uniq_aizul
Snake:3:  layout_cave_shapes, nrook_guardian_serpent_ordinary, uniq_kirke,
          uniq_asterion, uniq_jorgrun
Snake:4:  grunt_snake_rune_spirals, layout_onion, ebering_ghost_disaster_area,
          basic_altar, grunt_ministairs_11, drop_trap, nicolae_snake_shapes,
          lemuel_fruit_tree
Slime:1:  layout_caves
Slime:2:  layout_caves
Slime:3:  layout_caves
Slime:4:  layout_caves
Slime:5
Orc:1:    layout_caves, mines1_david
Orc:2:    pf_orc_diabolical, layout_caves
Elf:1:    minmay_the_grid_triangle_9x9_rhombus_thin
          [minmay_the_grid_triangle_9x9_minimal,
          minmay_the_grid_triangle_9x9_prize_schism,
          minmay_the_grid_triangle_9x9_swiss_cheese,
          minmay_the_grid_triangle_9x9_zippers_horizontal], layout_loops_cross,
          serial_shops, shop, minmay_elf_necromancy, corexii_checkpoint_a
Elf:2:    layout_loops_ring, serial_shops, shop, basic_altar, evilmike_minifort
Elf:3:    minmay_elf_hall_quartered_circle, layout_loops_cross, serial_shops,
          shop, grunt_ministairs_14, minivault_4, kilobyte_mutagenic_chamber
Vaults:1: vaults_room_boxed, ontoclasm_vaults_shuriken,
          ontoclasm_vaults_decontamination, grunt_vaults_twisty,
          vaults_room_pool, v_misc_15, v_misc_28,
          ontoclasm_vaults_loading_screen, grunt_vaults_diagonal,
          nicolae_vaults_what_the_h, ontoclasm_vaults_loading_screen,
          nicolae_vaults_alarming, layout_vaults_chaotic_city, serial_shops,
          shop
Vaults:2: vaults_room_grid, v_misc_16, nicolae_vaults_asterisk,
          st_greater_box_3, vaults_room_hallway, v_misc_15,
          hangedman_vaults_maws, vaults_room_grid, vaults_dpeg_ring,
          vaults_room_pools, v_misc_10, v_misc_12, layout_vaults_omnibox
Vaults:3: minmay_crypt_entry_simple_corners, v_pattern_3,
          nicolae_vaults_little_squares_5, nicolae_vaults_arrows,
          nicolae_vaults_diagonal_hallway_8, vaults_mumra_hexcomb, v_misc_29,
          hangedman_vaults_nails, v_misc_32, nicolae_vaults_know_your_exits,
          ontoclasm_vaults_twist, vaults_room_fancy_cross,
          ontoclasm_vaults_fault, layout_vaults_maze, serial_shops, shop
Vaults:4: dpeg_vaults_monster_row, nicolae_vaults_windows_and_doors_thing,
          ontoclasm_vaults_pinch, hangedman_vaults_slice, v_misc_15,
          nicolae_vaults_quartermaster, grunt_vaults_funnel,
          vaults_dpeg_encased_lava, ontoclasm_vaults_chip,
          layout_vaults_quadrants
Vaults:5
Crypt:1:  cheibrodos_crypt_3hun_7po, layout_chaotic_city,
          grunt_crypt_arrival_split

Skill      XL: |  1  2  3  4  5  6  7  8  9 10 11 12 13 14 15 16 17 18 19 20 21 22 23 24 25 26 |
---------------+-------------------------------------------------------------------------------+-----
Dodging        | 2 3 4 6 7 8 9 11 12 13 14 15 16 17 18 19 20 | 20.3
Armour         | 3 4 5 6 7 9 10 11 12 13 14 15 16 17 18 19 | 19.8
Fighting       | 4 5 6 8 9 10 11 12 13 14 15 16 17 18 19 | 19.7
Maces & Flails | 4 5 6 7 8 9 10 12 14 15 16 17 18 19 20 21 22 23 | 23.1
Evocations     | 3 4 5 7 8 9 10 | 10.0
Stealth        | 2 5 6 8 10 | 10.0
Throwing       | 2 4 5 |  5.0

Action                   |  1- 3 |  4- 6 |  7- 9 | 10-12 | 13-15 | 16-18 | 19-21 | 22-24 | 25-27 || total
-------------------------+-------+-------+-------+-------+-------+-------+-------+-------+-------++-------
Melee: Mace              |   132 |   259 |   207 |       |       |       |       |       |       ||   598
       Headbutt          |       |       |    78 |   165 |   306 |   440 |   497 |   552 |   285 ||  2323
       Flail             |       |       |   174 |   430 |   116 |       |       |       |       ||   720
       Dire flail        |       |       |       |       |   561 |  1399 |  1443 |  1417 |   785 ||  5605
       Demon whip        |       |       |       |       |   182 |    29 |       |       |       ||   211
Invok: Berserk           |       |     1 |       |     5 |     4 |     9 |     3 |     4 |     3 ||    29
       Trog's Hand       |       |       |       |       |     3 |       |     1 |     1 |     3 ||     8
       Brothers in Arms  |       |       |       |       |       |       |       |       |     1 ||     1
 Abil: Fly               |       |       |       |       |     1 |       |       |       |       ||     1
  Use: Scroll            |       |     5 |     8 |     9 |     6 |    14 |     4 |    14 |    10 ||    70
       Potion            |       |       |     6 |     1 |     1 |       |     4 |     1 |     6 ||    19
 Stab: Petrifying        |       |       |       |       |     1 |       |       |       |       ||     1
Armor: Animal skin       |    20 |       |       |       |       |       |       |       |       ||    20
       Ring mail         |    51 |   131 |   183 |   193 |   299 |   404 |       |       |       ||  1261
       Scale mail        |       |       |       |       |       |     4 |   465 |    26 |       ||   495
       Gold dragon scale |       |       |       |       |       |       |       |   930 |   457 ||  1387
       Skin              |       |       |       |       |       |       |       |     2 |       ||     2
Dodge: Dodged            |   114 |   149 |   319 |   483 |   940 |  1522 |  1414 |  1127 |   586 ||  6654
       Repelled          |       |       |       |       |       |    25 |    93 |    10 |       ||   128

Table legend: (Time is in decaauts)
 A = Elapsed time spent in this place.
 B = Non-inter-level travel time spent in this place.
 C = Inter-level travel time spent in this place.
 D = Time resting spent in this place.
 E = Time spent auto-exploring this place.
 F = Levels seen in this place.
 G = Mean time per level.
                   A        B        C        D        E       F      G
               +--------+--------+--------+--------+--------+-----+--------+
         Total |  61305 |  55881 |   5424 |  12276 |  32103 |  51 | 1202.1 |
       Dungeon |  17362 |  14836 |   2526 |   1577 |  10548 |  15 | 1157.5 |
        Temple |     76 |     57 |     19 |      0 |     57 |   1 |   76.0 |
          Lair |   8849 |   7746 |   1103 |   1359 |   4916 |   6 | 1474.8 |
        Shoals |   7339 |   7130 |    209 |   2400 |   3509 |   4 | 1834.8 |
     Snake Pit |   6634 |   6278 |    356 |   1162 |   3901 |   4 | 1658.5 |
    Slime Pits |   2030 |   2022 |      8 |   1565 |     27 |   5 |  406.0 |
  Orcish Mines |   2472 |   2251 |    221 |    730 |   1081 |   2 | 1236.0 |
   Elven Halls |   4120 |   3818 |    302 |    614 |   2146 |   3 | 1373.3 |
        Vaults |  10185 |   9569 |    616 |   2556 |   4786 |   5 | 2037.0 |
         Crypt |   1181 |   1122 |     59 |    265 |    634 |   1 | 1181.0 |
         Abyss |    249 |    249 |      0 |      2 |     76 |   3 |   83.0 |
         Trove |     71 |     71 |      0 |      0 |      4 |   1 |   71.0 |
         Sewer |    732 |    732 |      0 |     41 |    415 |   1 |  732.0 |
               +--------+--------+--------+--------+--------+-----+--------+

Top non-repeatable levels by time:
Vaults:4: 3050 daAuts
  Lair:6: 2718 daAuts
 Snake:4: 2327 daAuts
Vaults:1: 2216 daAuts
Shoals:2: 2021 daAuts
Shoals:3: 1967 daAuts
    D:11: 1963 daAuts
   Elf:3: 1823 daAuts
Shoals:4: 1806 daAuts
Vaults:2: 1763 daAuts
   Orc:2: 1731 daAuts
     D:5: 1723 daAuts
  Lair:2: 1721 daAuts
Vaults:3: 1681 daAuts
 Snake:3: 1547 daAuts
